AoeStats
← Lance

Arabia

510804761Analyzed
1v1 RM · 20h ago on Oct 2, 2026· 33m 47s· 2 players
Game mode
Random Map
Map size
Tiny (2 player)
Population
200
Speed
Normal
Resources
Standard
Victory
Conquest
Starting age
Dark Age
Ending age
Imperial Age
RankedLock teamsTeams togetherTeam positionsShared explorationLock speedFull tech treeHidden civsTurbo modeCheats
Victory
Defeat
🇹🇼 Italians · Taiwan
890
+17
🇩🇪 Maya · Germany
901
-17
Scan
6:57 Loom
9:51 Feudal Age
10:19 Man-at-Arms
14:40 Double-Bit Axe
16:32 Fletching
19:02 Horse Collar
19:52 Padded Archer Armor
27:09 Castle Age
25:05 Gold Mining
27:43 Bloodlines
30:03 Husbandry
30:33 Bow Saw
32:14 Scale Barding Armor
32:20 Forging
34:11 Chain Barding Armor
34:35 Iron Casting
Lance
7:25 Loom
9:40 Feudal Age
10:11 Double-Bit Axe
21:11 Scale Mail Armor
26:34 Castle Age
24:46 Horse Collar
26:01 Fletching
26:56 Padded Archer Armor
27:35 Elite Skirmisher
29:28 Squires
30:33 Forging
30:57 Pikeman
34:01 Wheelbarrow
Connection lost

Rejoining the realm…

Still unreachable

The connection could not be restored.

Session expired

The server has moved on; the page needs a fresh start.